 Dungeon Crawl Stone Soup version 0.18-a0-1772-gce6d5cf (webtiles) character file.

2889 TheGoonsmith the Destroyer (level 9, -1/56 HPs)
             Began as an Octopode Conjurer on Apr 15, 2016.
             Was a Follower of Sif Muna.
             Slain by edsrzf's ghost (18 damage)
             ... on level 8 of the Dungeon.
             The game lasted 00:23:29 (10861 turns).

TheGoonsmith the Destroyer (Octopode Conjurer)     Turns: 10861, Time: 00:23:29

Health: -1/56      AC:  3    Str:  7    XL:     9   Next: 77%
Magic:  2/18       EV: 14    Int: 19    God:    Sif Muna [*.....]
Gold:   353        SH:  0    Dex: 12    Spells: 6 memorised, 1 level left

rFire  . . .     SeeInvis .     B - +4 spear "Egoem" {speed, +Rage rPois Dex-2}
rCold  . . .     Gourm    .     (no shield)
rNeg   + . .     Faith    .     K - +2 hat
rPois  +         Spirit   .     (no amulet)
rElec  .         Dismiss  .     q - ring of positive energy
rCorr  .         Reflect  .     (no ring)
SustAt .         Harm     .     (no ring)
MR     +....                    (no ring)
Stlth  +++.......               (no ring)
                                (no ring)
                                (no ring)
                                (no ring)

@: somewhat resistant to hostile enchantments, fairly stealthy
A: almost no armour, amphibious, 8 rings, constrict 8, fangs 1, camouflage 1,
magic resistance 1, gelatinous body 1
a: Channel Energy, Renounce Religion, Evoke Berserk Rage


You were on level 8 of the Dungeon.
You worshipped Sif Muna.
Sif Muna was aware of your devotion.
You were not hungry.

You visited 2 branches of the dungeon, and saw 9 of its levels.

You collected 417 gold pieces.
You spent 64 gold pieces at shops.

Inventory:

Hand Weapons
 g - a +0 short sword
 A - a +0 quarterstaff
 B - the +4 spear "Egoem" (weapon) {speed, +Rage rPois Dex-2}
   (You found it on level 8 of the Dungeon)

   Attacks with this weapon are significantly faster.
   It affects your dexterity (-2).
   It protects you from poison.
   It lets you go berserk.
Armour
 K - a +2 hat (worn)
Jewellery
 q - a ring of positive energy (left tentacle)
 w - a cursed -2 ring of protection {unknown}
 J - a +2 ring of dexterity {unknown}
Wands
 p - a wand of slowing (23/48)
 v - a wand of disintegration (8/24)
 z - a wand of iceblast (7/15)
Scrolls
 c - 2 scrolls of teleportation
 j - a scroll of enchant armour
 r - 2 scrolls of fog
 x - a scroll of amnesia
 y - 2 scrolls of identify
 C - a scroll of enchant weapon {unknown}
 D - a scroll of noise {unknown}
 E - a scroll of blinking {unknown}
 F - a scroll of remove curse {unknown}
 G - 2 scrolls of vulnerability {unknown}
 H - a scroll of recharging
Potions
 d - a potion of mutation
 e - a potion of curing
 f - 2 potions of flight
 h - a potion of lignification {unknown}
 k - a potion of haste
 l - 2 potions of might {unknown}
 m - a potion of invisibility {unknown}
 n - a potion of agility {unknown}
 o - a potion of beneficial mutation {unknown}
 s - 2 potions of berserk rage
 t - a potion of brilliance {unknown}
 u - a potion of heal wounds {unknown}
 I - a potion of magic {unknown}
Books
 a - a book of Conjurations

   Spells                             Type                      Level
   a - Magic Dart                     Conjuration                  1
   b - Searing Ray                    Conjuration                  2
   c - Dazzling Spray                 Conjuration/Hexes            3
   d - Fulminant Prism                Conjuration/Hexes            4
   e - Iskenderun's Mystic Blast      Conjuration                  4
   f - Iskenderun's Battlesphere      Conjuration/Charms           5
 i - a book of Transfigurations

   Spells                             Type                      Level
   a - Irradiate                      Conjuration/Transmutation    5
   b - Statue Form                    Transmutation/Earth          6
   c - Hydra Form                     Transmutation                6
   d - Dragon Form                    Transmutation                7
Comestibles
 b - a slice of pizza


   Skills:
 - Level 3.0 Fighting
 - Level 5.3 Dodging
 - Level 3.1 Stealth
 - Level 6.0 Spellcasting
 - Level 10.1 Conjurations
 - Level 2.0 Hexes
 + Level 2.3 Charms


You had one spell level left.
You knew the following spells:

 Your Spells              Type           Power        Failure   Level  Hunger
a - Magic Dart            Conj           ####         1%          1    None
b - Searing Ray           Conj           #####.       1%          2    None
c - Dazzling Spray        Conj/Hex       ####....     2%          3    ##.....
d - Fulminant Prism       Conj/Hex       ####......   12%         4    ####...
e - Iskenderun's Battles  Conj/Chrm      ####....     28%         5    #####..
x - Iskenderun's Mystic   Conj           #####...     1%          4    ####...


Dungeon Overview and Level Annotations

Branches:
Dungeon (8/15)             Temple (1/1) D:6
   Lair: D:8-11

Altars:
Ashenzari
Cheibriados
Dithmenos
Fedhas
Gozag
Kikubaaqudgha
Makhleb
Nemelex Xobeh
Okawaru
Pakellas
Qazlal
Ru
Sif Muna
Trog
Vehumet
Xom
Yredelemnul
Zin
The Shining One

Shops:
D:7 *

Annotations:
D:8 edsrzf's ghost, novice VSBe


Innate Abilities, Weirdness & Mutations

You cannot wear most types of armour.
You are amphibious.
You can wear up to eight rings at the same time.
You can use your tentacles to constrict eight enemies at once.
Your skin changes colour to match your surroundings (Stealth).
Your rubbery body absorbs attacks (AC +1).
You have very sharp teeth.
You are resistant to hostile enchantments.


Message History

Aim: edsrzf's ghost (moderately damaged)
The searing ray hits edsrzf's ghost.
Edsrzf's ghost is moderately damaged.
Edsrzf's ghost hits you!
The searing ray hits edsrzf's ghost.
Edsrzf's ghost is moderately damaged.
Edsrzf's ghost closely misses you.
The searing ray hits edsrzf's ghost.
Edsrzf's ghost is moderately damaged.
Edsrzf's ghost closely misses you.
The searing ray hits edsrzf's ghost.
Edsrzf's ghost is heavily damaged.
Edsrzf's ghost hits you!
Casting: Searing Ray
Confirm with . or Enter, or press ? or * to list all spells.
Aiming: Fulminant Prism
Press: ? - help, Dir - move target cursor, p - edsrzf's ghost You conjure a prism of explosive energy!
Edsrzf's ghost hits you!!
You die...

##.## ##.#.###.# #. #### #.#
#....##.# #.# #.# #..#..#.# ##.#
##'## #.....#.# ..# #...##
#<###.#.# #.## .....## #)###.#.#
# ###..# # ....[.## #)......#
#.##....# ##
.......####.)).#######.##....###.
.......'........@W.*...........'.
..###########..#########....####.
.##._.###._.##.# ##.#..## ##
.#.....8.....### ##....## #
##..⌠.....⌠..# #.....#
##.........## ##...##
####.....#### ##.## #.####'####.#
#.# ##.## #.# #.# #.#


You could see edsrzf's ghost and a friendly fulminant prism.

Vanquished Creatures
  Joseph (D:7)
  Sigmund (D:5)
  A hippogriff (D:5)
  Purgy (D:3)
  A black bear (D:8)
  A sky beast (D:5)
  An ice beast (D:5)
  3 ogres
  2 necrophages
  A centaur (D:3)
  Blork the orc (D:6)
  A giant frog (D:6)
  2 scorpions
  2 wights (D:8)
  2 crimson imps
  3 orc priests
  Crazy Yiuf (D:4)
  4 hounds
  8 orc wizards
  A giant frog skeleton (D:8)
  6 worker ants
  A killer bee zombie (D:8)
  2 hound zombies
  A hound skeleton (D:5)
  The ghost of leifrocks2 the Skirmisher, a weakling VSAK of Lugonu (D:4)
  8 adders
  4 gnolls (D:6)
  4 shadow imps
  9 worms
  2 dart slugs
  5 giant geckos
  36 orcs
  5 giant cockroaches
  3 goblins
  7 hobgoblins
  11 jackals
  10 kobolds
  6 quokkas
  2 ball pythons (D:2)
  4 bats
  A giant gecko zombie (D:8)
  4 giant newts
  2 jackal skeletons
  12 rats
184 creatures vanquished.

Vanquished Creatures (others)
  8 fulminant prisms
8 creatures vanquished.

Grand Total: 192 creatures vanquished

Notes
Turn   | Place    | Note
--------------------------------------------------------------
     0 | D:1      | TheGoonsmith the Octopode Conjurer began the quest for the Orb.
     0 | D:1      | Reached XP level 1. HP: 11/11 MP: 3/3
   193 | D:1      | Reached XP level 2. HP: 17/17 MP: 0/5
   720 | D:1      | Learned a level 2 spell: Searing Ray
   849 | D:1      | Reached XP level 3. HP: 21/21 MP: 1/6
  1220 | D:2      | Reached skill level 5 in Conjurations
  1797 | D:2      | Reached XP level 4. HP: 26/27 MP: 2/8
  1810 | D:2      | Found a sacrificial altar of Ru.
  2255 | D:2      | Learned a level 3 spell: Dazzling Spray
  2260 | D:2      | Learned a level 4 spell: Iskenderun's Mystic Blast
  2524 | D:2      | Reached XP level 5. HP: 8/31 MP: 3/11
  2812 | D:3      | Noticed Purgy
  2833 | D:3      | Killed Purgy
  2833 | D:3      | Reached XP level 6. HP: 8/41 MP: 2/12
  3456 | D:3      | Reached skill level 1 in Hexes
  3558 | D:3      | Found a shadowy altar of Dithmenos.
  4282 | D:3      | Reached XP level 7. HP: 20/46 MP: 4/13
  4932 | D:4      | Found a glowing golden altar of the Shining One.
  4986 | D:4      | Reached skill level 6 in Conjurations
  5196 | D:4      | Found a sparkling altar of Nemelex Xobeh.
  5357 | D:4      | Found Ceorrom's Book Shop.
  5518 | D:4      | Noticed Crazy Yiuf
  5524 | D:4      | Killed Crazy Yiuf
  5650 | D:4      | Reached skill level 7 in Conjurations
  5746 | D:4      | Found an iron altar of Okawaru.
  5785 | D:4      | Noticed leifrocks2's ghost (weakling VSAK)
  5789 | D:4      | Killed leifrocks2's ghost
  5850 | D:4      | Found a burning altar of Makhleb.
  6031 | D:5      | Entered Level 5 of the Dungeon
  6081 | D:5      | Reached XP level 8. HP: 52/52 MP: 10/14
  6204 | D:5      | Noticed Sigmund
  6211 | D:5      | Learned a level 4 spell: Fulminant Prism
  6223 | D:5      | Killed Sigmund
  6223 | D:5      | Reached skill level 8 in Conjurations
  6912 | D:5      | Reached skill level 5 in Dodging
  7599 | D:6      | Reached skill level 5 in Spellcasting
  7599 | D:6      | Reached XP level 9. HP: 47/56 MP: 9/16
  7850 | D:6      | Noticed Blork the orc
  7856 | D:6      | Killed Blork the orc
  8215 | D:6      | Found a staircase to the Ecumenical Temple.
  8228 | Temple   | Entered the Ecumenical Temple
  8332 | Temple   | Became a worshipper of Sif Muna the Loreminder
  8573 | D:7      | Learned a level 5 spell: Iskenderun's Battlesphere
  8997 | D:7      | Found Keoqoz's Assorted Antiques.
  9005 | D:7      | Bought a scroll labeled LIG HIMALAOSA for 32 gold pieces
  9005 | D:7      | Bought a scroll labeled VUMUERREON for 32 gold pieces
  9174 | D:7      | Noticed Joseph
  9197 | D:7      | Killed Joseph
  9197 | D:7      | Reached * piety under Sif Muna
  9197 | D:7      | Reached skill level 9 in Conjurations
  9941 | D:8      | Got a warped spear
  9942 | D:8      | Identified the +4 spear "Egoem" {speed, +Rage rPois Dex-2} (You found it on level 8 of the Dungeon)
  9990 | D:8      | Found a radiant altar of Vehumet.
  9990 | D:8      | Found a snail-covered altar of Cheibriados.
 10127 | D:8      | Reached skill level 10 in Conjurations
 10323 | D:8      | Reached skill level 1 in Charms
 10406 | D:8      | Noticed edsrzf's ghost (novice VSBe)
 10420 | D:8      | Gained mutation: You have very sharp teeth. [potion of mutation]
 10420 | D:8      | Gained mutation: You are resistant to hostile enchantments. [potion of mutation]
 10861 | D:8      | Slain by edsrzf's ghost

Vault maps used:
D:1:      sevenhm_arrival_forest_fort_small_3, minivault_4
D:2:      nicolae_ru_great_annihilating_truth
D:3:      nicolae_dithmenos_through_a_glass_darkly, first_bread, uniq_purgy
D:4:      makhleb_grotto_becter, nemelex_xobeh_ov_fountains_minmay,
          overflow_temple_1_default, lemuel_round_altar, serial_shops, shop,
          uniq_crazy_yiuf_cottage
D:5:      kennysheep_generic_room_8, uniq_sigmund
D:6:      minmay_temple_entry_nine_rooms, uniq_blork_the_orc
D:7:      serial_shops, shop, uniq_joseph
D:8:      nicolae_overflow_hidden_temple, gammafunk_temple_overflow_pools
Temple:   circular_temple_pool_12

Skill      XL: |  1  2  3  4  5  6  7  8  9 |
---------------+----------------------------+-----
Conjurations   | 5 7 8 10 | 10.1
Spellcasting   | 4 5 6 |  6.0
Fighting       | 2 3 |  3.0
Stealth        | 3 |  3.1
Hexes          | 2 |  2.0
Dodging        | 5 |  5.3
Charms         | 2 |  2.3

Action                   |  1- 3 |  4- 6 |  7- 9 || total
-------------------------+-------+-------+-------++-------
Melee: Short sword       |     6 |     5 |    41 ||    52
       Constrict         |     2 |     3 |    23 ||    28
       Tentacles         |     1 |     2 |    11 ||    14
       Quarterstaff      |       |       |    17 ||    17
       Spear             |       |       |    11 ||    11
       Bite              |       |       |     1 ||     1
 Cast: Magic Dart        |    72 |   103 |   274 ||   449
       Searing Ray       |       |     8 |    21 ||    29
       Dazzling Spray    |       |     5 |     5 ||    10
       Fulminant Prism   |       |       |     9 ||     9
       Iskenderun's Myst |       |       |     2 ||     2
  Use: Scroll            |       |       |    11 ||    11
       Potion            |       |       |     5 ||     5
 Stab: Sleeping          |       |       |     2 ||     2
  Eat: Chunk             |     4 |     7 |    15 ||    26
       Bread ration      |       |       |     2 ||     2
       Pizza             |       |       |     1 ||     1
Armor: Skin              |       |     1 |     1 ||     2
Dodge: Dodged            |     2 |    17 |    90 ||   109
